 Dungeon Crawl Stone Soup version 0.31-a0-1-g4198be8af4 (webtiles) character file.

Game seed: 2609230973146929417

14 Mysteryquy the Insei (level 2, -7/18 HPs)
             Began as an Octopode Transmuter on May 2, 2023.
             Mangled by a kobold
             ... wielding a +1 whip of electrocution
              (19 damage)
             ... on level 1 of the Dungeon.
             The game lasted 00:00:26 (406 turns).

Mysteryquy the Insei (Octopode Transmuter)           Turns: 406, Time: 00:00:26

Health: -7/18      AC:  1    Str:  9    XL:     2   Next: 45%
Magic:  5/5        EV: 13    Int: 15    God:
Gold:   26         SH:  0    Dex: 12    Spells: 4/5 levels left

rFire   . .          .
                       - Unarmed
rCold   . . .        (no shield)
rNeg    . . .        (helmet restricted)
rPois   .            (no amulet)
rElec   .            (no ring)
rCorr   .            (no ring)
SInv    .            (no ring)
Will    .....        (no ring)
Stlth   ++           (no ring)
HPRegen 0.23/turn    (no ring)
MPRegen 0.09/turn    (no ring)
                     (no ring)

%: no passive effects
@: no status effects
A: almost no armour, amphibious, 8 rings, camouflage 1, gelatinous body 1,
(nimble swimmer 1), tentacles
a: no special abilities


You were on level 1 of the Dungeon.
You visited 1 branch of the dungeon, and saw 1 of its levels.

You collected 26 gold pieces.

Inventory:

Scrolls
 b - a scroll of fear {unknown}
 c - a scroll of amnesia {unknown}
Potions
 a - a potion of lignification
 d - 2 potions of mutation {unknown}


   Skills:
 + Level 1.0 Fighting
 + Level 2.0 Dodging
 + Level 0.4 Stealth
 + Level 3.5 Unarmed Combat
 + Level 2.1 Spellcasting
 + Level 2.0 Transmutations


You had 4 spell levels left.
You knew the following spells:

 Your Spells              Type           Power      Damage    Failure   Level
a - Beastly Appendage     Tmut           14%        N/A       10%         1

Your spell library contained the following spells:

 Spells                   Type           Power      Damage    Failure   Level
 Wereblood                Tmut           7%         N/A       14%         2
 Spider Form              Tmut/Pois      4%         N/A       41%         3
 Ice Form                 Ice/Tmut       4%         N/A       82%         4


Dungeon Overview and Level Annotations

Branches:
Dungeon (1/15)

Altars:

Annotations:
D:1 1 transporter


Innate Abilities, Weirdness & Mutations

You cannot wear most types of armour.
You are amphibious.
You can wear up to eight rings at the same time.
Your skin changes colour to match your surroundings (Stealth+).
Your rubbery body absorbs attacks. (AC +1, EV +1)
((You are camouflaged when in or above water. (Stealth+)))
You have tentacles for arms and can constrict up to eight enemies at once.


Message History

The jackal closely misses you.
You barely miss the jackal. Your grab misses the jackal.
Your squeeze misses the jackal. The jackal barely misses you.
You barely miss the jackal. You grab the jackal.
Your squeeze misses the jackal. You constrict the jackal.
The jackal closely misses you.
You tentacle-slap the jackal. You squeeze the jackal.
You kill the jackal!
There is a large open door here.
Items here: ††††.
d - 2 bubbling yellow potions You open the door.
There is an open door here.
There is a large open door here.
Items here: ††††.
There is a large open door here.
Things that are here:
a +0 club; a goblin corpse You see here a +0 hand axe.
You see here a +0 sling.
Found a quarterstaff.
A kobold comes into view.
It is wielding a +1 whip of electrocution.
Found a stone staircase leading down.
An endoplasm comes into view.
Found a scroll labelled KUCIZI LAO.
The helpless endoplasm fails to defend itself.
You tentacle-slap the endoplasm.
You kill the endoplasm!
Found 11 gold pieces.
The kobold misses you.
You tentacle-slap the kobold but do no damage.
Your grab misses the kobold. The kobold closely misses you.
You closely miss the kobold. Your grab misses the kobold.
The kobold closely misses you.
You tentacle-slap the kobold. Your grab misses the kobold.
The kobold is severely wounded.
The kobold hits you with a +1 whip of electrocution.
You are electrocuted!!
Ouch! That really hurt!
You die...

#. #. .$.+ ..#.
...# ##.#.##
....# ......
...?# #...##....#
..>.......
########..K.#####
#........@.......
#.#####...##.....
#.#####...######.
#....##.......#
#.##....#......
#.##....##.....
#.##....# .....
#.##).?.##©!...
#.###########.#


You could see a kobold.

Vanquished Creatures
  A dart slug (D:1)
  2 bats (D:1)
  2 endoplasms (D:1)
  A goblin (D:1)
  4 jackals (D:1)
10 creatures vanquished.

Notes
Turn   | Place    | Note
-------+----------+-------------------------------------------
     0 | D:1      | Mysteryquy the Octopode Transmuter began the quest for the
                  | Orb.
     0 | D:1      | Reached XP level 1. HP: 13/13 MP: 3/3
   161 | D:1      | Reached XP level 2. HP: 17/18 MP: 5/5
   208 | D:1      | Found a faded altar of an unknown god.
   406 | D:1      | Mangled by a kobold

Illustrated notes

Levels and vault maps discovered:
D:1:      spicycebolla_arrival_risky_transporter, layout_basic,
          chequers_ecumenical_altar_simple_redux

Action                     || total
---------------------------++-------
  Melee: Unarmed           ||    28
         Constrict         ||     6
         Tentacles         ||     4
   Stab: Sleeping          ||     3
 Armour: Skin              ||     4
  Dodge: Dodged            ||    33

Table legend: (Time is in decaauts)
 A = Elapsed time spent in this place.
 B = Non-inter-level travel time spent in this place.
 C = Inter-level travel time spent in this place.
 D = Time resting spent in this place.
 E = Time spent auto-exploring this place.
 F = Levels seen in this place.
 G = Mean time per level.
                   A        B        C        D        E       F      G
               +--------+--------+--------+--------+--------+-----+--------+
         Total |    404 |    404 |      0 |      0 |    338 |   1 |  404.0 |
       Dungeon |    404 |    404 |      0 |      0 |    338 |   1 |  404.0 |
               +--------+--------+--------+--------+--------+-----+--------+

Top non-repeatable levels by time:
     D:1: 404 daAuts
